 Dungeon Crawl Stone Soup version 0.21-a0-404-g291f19a (webtiles) character file.

3130 grizmgrazm2 the Thaumaturge (level 9, 0/51 HPs)
             Began as a Deep Elf Fire Elementalist on Oct 28, 2017.
             Was an Initiate of Vehumet.
             Slain by a two-headed ogre
             ... wielding a +0 giant club
              (21 damage)
             ... on level 8 of the Dungeon.
             The game lasted 00:29:07 (8374 turns).

grizmgrazm2 the Thaumaturge (DEFE)                  Turns: 8374, Time: 00:29:08

Health: 0/51       AC:  6    Str:  6    XL:     9   Next: 61%
Magic:  10/25      EV: 15    Int: 23    God:    Vehumet [......]
Gold:   405        SH:  0    Dex: 20    Spells: 16/29 levels left

rFire    . . .     SeeInvis .   d - +3 hunting sling (freeze)
rCold    . . .     Gourm    .   (no shield)
rNeg     . . .     Faith    .   o - +2 robe {MR+}
rPois    .         Spirit   .   D - +0 helmet
rElec    .         Reflect  .   A - +0 cloak
rCorr    +         Harm     .   (no gloves)
MR       +++..                  (no boots)
Stlth    +++.......             I - amulet "Ecol" {RegenMP MR++}
HPRegen  0.17/turn              f - +5 ring of dexterity
MPRegen  0.44/turn              C - ring of resist corrosion

@: no status effects
A: no striking features
a: Renounce Religion


You were on level 8 of the Dungeon.
You worshipped Vehumet.
Vehumet was noncommittal.
You were not hungry.

You visited 2 branches of the dungeon, and saw 9 of its levels.

You collected 405 gold pieces.

Inventory:

Hand Weapons
 d - a +3 hunting sling of freezing (weapon)
 x - a +2 quarterstaff of chaos
 J - a +0 club
Missiles
 k - 73 sling bullets (quivered)
Armour
 o - a +2 robe of magic resistance (worn)
 A - a +0 cloak (worn)
 D - a +0 helmet (worn)
Jewellery
 f - a +5 ring of dexterity (left hand)
 C - a ring of resist corrosion (right hand)
 I - the amulet "Ecol" (around neck) {RegenMP MR++}
   (You took it off an orc on level 8 of the Dungeon)

   [amulet of magic regeneration]

   It increases your magic regeneration.
   It affects your resistance to hostile enchantments.
Wands
 g - a wand of polymorph (18/24)
 E - a wand of random effects (22/48)
 F - a wand of disintegration (15/24)
Scrolls
 p - 4 scrolls of remove curse
 r - a scroll of identify
 s - a scroll of amnesia
 K - a scroll of recharging
Potions
 a - 2 potions of berserk rage
 e - 7 potions of curing
 h - a potion of resistance {unknown}
 i - 3 potions of agility {unknown}
 j - a potion of invisibility {unknown}
 l - a potion of mutation {unknown}
 m - a potion of haste {unknown}
 u - a potion of heal wounds {unknown}
 v - 2 potions of cancellation {unknown}
 w - a potion of flight {unknown}
 z - a potion of ambrosia {unknown}
 B - 3 potions of degeneration {unknown}
 G - 2 potions of lignification {unknown}
Books
 b - a book of Flames

   Spells                             Type                      Level
   a - Flame Tongue                   Conjuration/Fire             1
   b - Throw Flame                    Conjuration/Fire             2
   c - Conjure Flame                  Conjuration/Fire             3
   d - Inner Flame                    Hexes/Fire                   3
   e - Sticky Flame                   Conjuration/Fire             4
   f - Fireball                       Conjuration/Fire             5
 y - a book of Minor Magic

   Spells                             Type                      Level
   a - Magic Dart                     Conjuration                  1
   b - Blink                          Translocation                2
   c - Call Imp                       Summoning                    2
   d - Slow                           Hexes                        2
   e - Conjure Flame                  Conjuration/Fire             3
   f - Mephitic Cloud                 Conjuration/Poison/Air       3
Comestibles
 c - 3 bread rations
 n - 3 royal jellies
 q - 6 fruits
 t - 2 meat rations
 H - 3 chunks of flesh


   Skills:
 + Level 3.5 Fighting
 + Level 4.1 Dodging
 + Level 4.5 Stealth
 + Level 10.6 Spellcasting
 + Level 6.8 Conjurations
 + Level 8.0 Fire Magic


You had 16 spell levels left.
You knew the following spells:

 Your Spells              Type           Power        Failure   Level  Hunger
a - Flame Tongue          Conj/Fire      #####        1%          1    None
b - Conjure Flame         Conj/Fire      #####...     1%          3    None
c - Sticky Flame          Conj/Fire      #####...     2%          4    #......
d - Fireball              Conj/Fire      #####.....   7%          5    ####...


Dungeon Overview and Level Annotations

Branches:
Dungeon (8/15)             Temple (1/1) D:7
   Lair: D:8-11

Altars:
Ashenzari
Cheibriados
Dithmenos
Elyvilon
Fedhas
Gozag
Hepliaklqana
Kikubaaqudgha
Makhleb
Nemelex Xobeh
Okawaru
Qazlal
Ru
Sif Muna
Trog
Uskayaw
Vehumet
Wu Jian
Xom
Yredelemnul
Zin
The Shining One


Message History

k - 72 sling bullets (gained 1)
k - 73 sling bullets (gained 1);
K - a scroll of recharging
Things that are here:
a flail; a leather armour; an orc corpse
Items here: )) [[ a dagger of draining; a robe; a club; a ring mail You start resting.
Casting: Fireball
Confirm with . or Enter, or press ? or * to list all spells.
Aiming: Sticky Flame
Press: ? - help, Shift-Dir - straight line, f - howler monkey zombie
Aim: a howler monkey zombie The sticky flame hits the howler monkey zombie.
The howler monkey zombie is heavily damaged.
The howler monkey zombie is covered in liquid flames!
The howler monkey zombie burns!
The howler monkey zombie barely misses you.
A two-headed ogre comes into view.
It is wielding a giant club and a giant spiked club.
The two-headed ogre hits you with a giant club!!
You die...

#.#.#.#.#.#.#(#.#.#.#.(#
#.#.#.#.#.#.#.#.#.#.#)# #.##
#.#.#.#.#.#.#.#(#)#..# #...
#.#.#.#.#.#.#.#"#.#.# ####
#.#.#.#.#.#(#.#)#..####
#.#)#.#.#.#.#.#.#.#....#
#.#.#.#.#.#.#.#.#.#.###.####
#.#.#.#.#.#)#.#.#.#.###......
#.#.#.#.#.#Z#@#.#.#.#.##..####
#.#.#.#.#.#.#O#.#.#.#.###....).
..#.#.#.#.#.#.#.#.#.#.#.##.#####
#.#.#.#.#.#.#.#.#.#.#.#.#........
# .#.#.#.#.#.#.#.#.#.#.#.>.......
# #.#.#.#.....#.#.#.#.#.#.....[..
#.# #.####....#.......###........
#.#. #...##.####### #........
'... ##..)..#########........


You could see a two-headed ogre.

Vanquished Creatures
  Joseph (D:8)
  A hippogriff (D:8)
  An orc warrior (D:6)
  2 ice beasts (D:7)
  The ghost of Rhok the Skirmisher, an amateur CeCK of Xom (D:3)
  A phantom (D:4)
  A black bear (D:6)
  2 centaurs
  3 ogres
  A crocodile (D:8)
  3 bullfrogs (D:7)
  4 scorpions
  5 killer bees (D:7)
  A crimson imp (D:6)
  A quasit (D:7)
  A bullfrog zombie (D:6)
  Crazy Yiuf (D:5)
  11 hounds
  2 orc priests (D:8)
  5 orc wizards
  2 worker ants
  A howler monkey skeleton (D:7)
  11 adders
  4 shadow imps
  3 oozes
  An adder zombie (D:8)
  2 adder skeletons
  2 worms
  A dart slug (D:1)
  7 leopard geckos
  29 orcs
  12 bats
  5 giant cockroaches
  8 goblins
  9 hobgoblins
  6 jackals
  3 quokkas
  2 frilled lizards (D:1)
  3 kobolds
  4 rats
  2 fungi (D:5)
165 creatures vanquished.

Vanquished Creatures (others)
  A fungus (D:5)
1 creature vanquished.

Grand Total: 166 creatures vanquished

Notes
Turn   | Place    | Note
-------+----------+-------------------------------------------
     0 | D:1      | grizmgrazm2 the Deep Elf Fire Elementalist began the quest for the Orb.
     0 | D:1      | Reached XP level 1. HP: 10/10 MP: 6/6
   322 | D:1      | Reached XP level 2. HP: 15/15 MP: 6/8
   770 | D:1      | Reached skill level 4 in Spellcasting
   962 | D:1      | Reached XP level 3. HP: 18/19 MP: 8/10
  1102 | D:1      | Learned a level 3 spell: Conjure Flame
  1390 | D:2      | Reached XP level 4. HP: 24/24 MP: 10/12
  2090 | D:3      | Reached skill level 5 in Spellcasting
  2146 | D:3      | Reached XP level 5. HP: 28/28 MP: 14/14
  2152 | D:3      | Learned a level 4 spell: Sticky Flame
  2284 | D:3      | Noticed Rhok's ghost (amateur CeCK)
  2299 | D:3      | Killed Rhok's ghost
  2831 | D:4      | Noticed an ogre
  2840 | D:4      | Killed an ogre
  2840 | D:4      | Reached skill level 1 in Fighting
  2840 | D:4      | Reached XP level 6. HP: 34/34 MP: 10/16
  3132 | D:4      | Reached skill level 6 in Spellcasting
  3132 | D:4      | Reached skill level 5 in Fire Magic
  3451 | D:5      | Entered Level 5 of the Dungeon
  3937 | D:5      | Reached XP level 7. HP: 38/38 MP: 14/18
  3963 | D:5      | Found a runed door.
  3967 | D:5      | Noticed Crazy Yiuf
  3971 | D:5      | Killed Crazy Yiuf
  4297 | D:6      | Found a stormy altar of Qazlal.
  4497 | D:6      | Reached skill level 7 in Spellcasting
  5288 | D:6      | Reached XP level 8. HP: 45/45 MP: 15/21
  5615 | D:6      | Learned a level 5 spell: Fireball
  5910 | D:6      | You fall through a shaft!
  5922 | D:7      | Reached skill level 8 in Spellcasting
  6051 | D:7      | Reached skill level 5 in Conjurations
  6687 | D:7      | Reached skill level 9 in Spellcasting
  6728 | D:7      | Found a staircase to the Ecumenical Temple.
  6922 | Temple   | Entered the Ecumenical Temple
  6952 | Temple   | Became a worshipper of Vehumet
  7065 | D:7      | Reached XP level 9. HP: 51/51 MP: 22/24
  7972 | D:8      | Got a clouded silver amulet
  7974 | D:8      | Identified the amulet "Ecol" {RegenMP MR++} (You took it off an orc on level 8 of the Dungeon)
  8027 | D:8      | Noticed Joseph
  8039 | D:8      | Killed Joseph
  8039 | D:8      | Reached skill level 10 in Spellcasting
  8374 | D:8      | Noticed a two-headed ogre
  8374 | D:8      | Slain by a two-headed ogre

Vault maps used:
D:1:      scummos_arrival_star
D:2:      grunt_ministairs_13
D:4:      first_bread
D:5:      serial_corexii_hall, corexii_hall_statues_s, corexii_hall_statues_t,
          uniq_crazy_yiuf_cottage
D:6:      nicolae_qazlal_general_emergency
D:7:      minmay_temple_entry_large_hall, minivault_24
D:8:      uniq_joseph
Temple:   nicolae_temple_the_god_donut

Skill      XL: |  1  2  3  4  5  6  7  8  9 |
---------------+----------------------------+-----
Spellcasting   | 4 5 6 7 9 10 | 10.6
Fire Magic     | 4 5 6 8 |  8.0
Conjurations   | 2 3 4 5 6 |  6.8
Stealth        | 3 4 |  4.5
Fighting       | 1 2 3 |  3.5
Dodging        | 3 4 |  4.1

Action                   |  1- 3 |  4- 6 |  7- 9 || total
-------------------------+-------+-------+-------++-------
Melee: Dagger            |     3 |       |       ||     3
 Fire: Hunting sling     |    17 |   123 |    89 ||   229
 Cast: Flame Tongue      |    48 |    79 |   175 ||   302
       Conjure Flame     |     1 |    11 |    22 ||    34
       Sticky Flame      |       |     2 |    11 ||    13
       Fireball          |       |       |     2 ||     2
  Use: Scroll            |     3 |     9 |     7 ||    19
       Potion            |       |       |     2 ||     2
  Eat: Chunk             |     1 |     8 |     3 ||    12
       Fruit             |       |     1 |     2 ||     3
       Bread ration      |       |       |     2 ||     2
Armor: Robe              |     5 |     4 |    16 ||    25
Dodge: Dodged            |    13 |    26 |    69 ||   108

Table legend:
 A = Spawn XP
 B = Non-spawn XP
 C = Spawn XP percentage of total XP
 D = Spawn monster count
 E = Non-spawn monster count
 F = Spawn count percentage of total count
 G = Total turns spent on level
                    A         B        C        D         E        F      G
               +---------+---------+-------+---------+---------+-------+---------
         Total |       0 |    4472 |   0.0 |       0 |     163 |   0.0 |  8374
               +---------+---------+-------+---------+---------+-------+---------
           D:1 |       0 |      50 |   0.0 |       0 |      22 |   0.0 |  1181
           D:2 |       0 |     120 |   0.0 |       0 |      22 |   0.0 |   841
           D:3 |       0 |     187 |   0.0 |       0 |      23 |   0.0 |   797
           D:4 |       0 |     265 |   0.0 |       0 |      12 |   0.0 |   632
           D:5 |       0 |     236 |   0.0 |       0 |      20 |   0.0 |   846
           D:6 |       0 |     840 |   0.0 |       0 |      20 |   0.0 |  1764
           D:7 |       0 |    1369 |   0.0 |       0 |      22 |   0.0 |  1384
           D:8 |       0 |    1405 |   0.0 |       0 |      22 |   0.0 |   807
               +---------+---------+-------+---------+---------+-------+---------
